[Event "Germany Countries-chT Youth 2022"]
[Site "Wiesbaden"]
[Date "2022.10.03"]
[Round "6"]
[White "Koepnick, Amanda"]
[Black "Meng, Yuxuan"]
[Result "1/2-1/2"]
[ECO "B24"]
[WhiteElo "1244"]
[BlackElo "1472"]
[Annotator "NA RC COMBH"]
[PlyCount "61"]
[EventDate "2022.09.28"]
[EventType "team-tourn"]
[EventRounds "7"]
[EventCountry "GER"]
[SourceTitle "playchess.com"]
[Source "ChessBase"]
[SourceQuality "1"]
[TimeControl "40/5400+30:1800+30"]

1. e4 c5 2. Nc3 Nc6 3. g3 g6 4. Bg2 Bg7 5. f4 d6 6. Nf3 e6 7. O-O Nge7 8. d3 O-O 9. Be3 Nd4 10. Rb1 Bd7 11. Ne2 Nxf3+ 12. Bxf3 Nc6 13. c3 Rb8 14. d4 Qe7 15. Qd2 Rfd8 16. b4 cxb4 17. cxb4 Re8 18. Nc3 Qf6 19. Rfd1 Rbd8 20. Ne2 e5 21. Kg2 b5 22. d5 Ne7 23. Bxa7 exf4 24. Qxf4 Qxf4 25. gxf4 Ra8 26. Be3 Rxa2 27. Rd2 Rxd2 28. Bxd2 f5 29. Nc3 fxe4 30. Bxe4 Nf5 31. Bd3 1/2-1/2

[Event "Germany Countries-chT Youth 2022"]
[Site "Wiesbaden"]
[Date "2022.10.03"]
[Round "6"]
[White "Alhassan, Jodi"]
[Black "Haug, Mara"]
[Result "0-1"]
[ECO "B21"]
[WhiteElo "1227"]
[BlackElo "1611"]
[Annotator "NA RC COMBH"]
[PlyCount "81"]
[EventDate "2022.09.28"]
[EventType "team-tourn"]
[EventRounds "7"]
[EventCountry "GER"]
[SourceTitle "playchess.com"]
[Source "ChessBase"]
[SourceQuality "1"]
[TimeControl "40/5400+30:1800+30"]

1. e4 c5 2. d4 cxd4 3. c3 dxc3 4. Nxc3 e6 5. Nf3 a6 6. Bc4 Nc6 7. O-O Bc5 8. Bf4 Nge7 9. Qe2 O-O 10. Rfd1 Ng6 11. Bg3 b5 12. Bb3 Qe7 13. Rac1 Bb7 14. a3 Rfd8 15. e5 d5 16. exd6 Bxd6 17. Bxd6 Rxd6 18. Rxd6 Qxd6 19. Ne4 Nd4 20. Nxd4 Qxd4 21. Nc3 Bxg2 22. Rd1 Qh4 23. Qe3 Qg4 24. Qg3 Qxg3 25. hxg3 Bf3 26. Rd3 Bc6 27. Re3 Rd8 28. Re2 Ne7 29. Kh2 Rd4 30. Nd1 Bf3 31. Re1 Rd2 32. Kg1 g6 33. Ne3 Rxb2 34. Bd1 Rb1 35. Kf1 Bxd1 36. Rxd1 Rxd1+ 37. Nxd1 Kg7 38. Ke2 Kf6 39. Nc3 Ke5 40. Ke3 Nd5+ 41. Nxd5 0-1

[Event "Germany Countries-chT Youth 2022"]
[Site "Wiesbaden"]
[Date "2022.10.04"]
[Round "7"]
[White "Lutsko, Artem"]
[Black "Weishaeutel, Moritz"]
[Result "1/2-1/2"]
[ECO "D30"]
[WhiteElo "2431"]
[BlackElo "2401"]
[Annotator "TA"]
[PlyCount "86"]
[EventDate "2022.09.28"]
[EventType "team-tourn"]
[EventRounds "7"]
[EventCountry "GER"]
[SourceTitle "playchess.com"]
[Source "ChessBase"]
[SourceQuality "1"]
[TimeControl "40/5400+30:1800+30"]

1. d4 d5 2. c4 e6 3. Nf3 c6 4. e3 f5 5. Be2 Nf6 6. O-O Bd6 7. b3 Qe7 8. Bb2 {[%emt 0:00:41] 8.a4 is the fancy move.} O-O 9. Qc1 {[%emt 0:00:07] A84: Dutch Defence: 2 c4 Miscellaneous.} b6 10. Ba3 Bxa3 11. Qxa3 {[%emt 0:01:27] White is slightly better.} Qxa3 12. Nxa3 Nbd7 13. Rfc1 Bb7 14. cxd5 exd5 15. Nc2 Rfe8 {[%emt 0:03:20] [#]} 16. Kf1 $146 (16. Nb4 $5 ) ({Predecessor:} 16. Bf1 Rac8 17. b4 Ne4 18. a4 a6 19. Nce1 Nd6 20. Nd3 Nc4 21. Nf4 b5 22. Nd3 {1-0 (45) Yermolinsky,A (2522)-Bonin,J (2369) Ledyard 2009}) 16... Ne4 17. Nb4 c5 18. Nd3 (18. Bb5 $16) 18... Rac8 19. Nfe5 Nxe5 20. Nxe5 f4 (20... Nd6 $11 {keeps the balance.}) 21. exf4 $16 cxd4 22. Nf3 Rxc1+ 23. Rxc1 Nc3 24. Nxd4 Nxa2 25. Ra1 Rc8 26. Ke1 Rc1+ 27. Rxc1 Nxc1 $14 {[%emt 0:00:04][%mdl 4096] Endgame KBN-KBN} 28. Bf1 Na2 29. Kd2 Nb4 30. g4 Nc6 31. Ke3 Kf7 32. Bd3 g6 (32... h6 $142) 33. f5 $16 {[%emt 0:01:07] White is more active.} g5 {[%emt 0:02:30] [#]} 34. Ne6 (34. Ba6 $1 $16 Ba8 35. Nxc6 Bxc6 36. f4) 34... Kf6 $14 35. Bb5 (35. f4 $5 d4+ 36. Ke4 $11) 35... d4+ {[%emt 0:01:51] The position is equal.} 36. Kd2 Ne5 {[%emt 0:00:14] Strongly threatening ...Nf3+.} 37. Be2 d3 38. Bd1 Nf3+ 39. Kxd3 Nxh2 40. Ke3 Nf1+ 41. Kd4 Nd2 42. Ke3 Nf1+ 43. Kd4 Nd2 {[%emt 0:00:00] Weighted Error Value: White=0.14 (very precise) /Black=0.11 (very precise)} 1/2-1/2

[Event "Germany Countries-chT Youth 2022"]
[Site "Wiesbaden"]
[Date "2022.10.04"]
[Round "7"]
[White "Schmider, Niklas"]
[Black "Burian, Simon"]
[Result "1-0"]
[ECO "A05"]
[WhiteElo "2407"]
[BlackElo "2196"]
[Annotator "TA"]
[PlyCount "81"]
[EventDate "2022.09.28"]
[EventType "team-tourn"]
[EventRounds "7"]
[EventCountry "GER"]
[SourceTitle "playchess.com"]
[Source "ChessBase"]
[SourceQuality "1"]
[TimeControl "40/5400+30:1800+30"]

1. Nf3 Nf6 2. g3 b5 3. Bg2 Bb7 4. b3 e6 5. c4 a6 6. Nc3 b4 7. Na4 {[%emt 0:00:10] A13: English Opening: 1...e6.} d5 (7... d6 $14) 8. cxd5 Bxd5 9. O-O {[%emt 0:01:34] [#] White is slightly better.} Nbd7 $146 ({Predecessor:} 9... Be7 10. d3 O-O 11. Qc2 Nbd7 12. e4 Bb7 13. h3 c5 14. Be3 Rc8 15. Rac1 Nb6 16. Nxb6 Qxb6 {1-0 (52) Pigusov,E (2500)-Romanishin,O (2560) Irkutsk 1986}) 10. d3 c5 11. e4 Bb7 12. Be3 Be7 13. Rc1 Rc8 14. h3 O-O 15. Qd2 Qa5 16. Qc2 Rfd8 17. Rfd1 Bf8 (17... Ne8 $11) 18. Nd2 $14 Ne8 19. Nc4 Qc7 20. Bf4 e5 21. Bg5 f6 22. Be3 Bc6 23. Ncb2 Bb5 24. h4 Nb6 (24... Qd6 $16 {keeps fighting.}) 25. Bh3 (25. Nxc5 $18 {Threatens to win with Qd2.} Nd7 26. Nba4) 25... Bd7 $16 26. Bxd7 Nxd7 27. Qc4+ Kh8 28. Qxa6 {[%emt 0:01:29] White is much more active.} Nd6 (28... Qb8 $16 29. Qe6 Nc7) 29. Nxc5 $1 $18 Ra8 (29... Nxc5 $142 30. Rxc5 (30. Bxc5 Ra8 $16) 30... Qd7 31. Rxc8 Qxc8 32. Qxc8 Rxc8) 30. Ne6 $1 Qxc1 31. Rxc1 Rxa6 32. Nxd8 {[%emt 0:00:05][%cal Be6d8,Bd8c6,Bc6b8,Bb8d7,Bd7c5][%mdl 32] Black must now prevent Rc7.} Rxa2 33. Na4 (33. Nc4 Nb5 $16) 33... Nb5 {[%emt 0:02:30] Against Rc7} 34. Rc8 Kg8 35. Nc6 {[%emt 0:00:54] Inhibits Be7.} Kf7 $2 {[%emt 0:01:15] [#]} (35... Nd4 36. Bxd4 (36. Nxd4 exd4 37. Bxd4 Kf7 $16) 36... exd4 37. Nxd4 Kf7) 36. Rd8 {[%emt 0:00:36] White is clearly winning.} Ke6 37. Nb8 Rxa4 (37... Nxb8 $142 38. Rxb8 (38. Rxf8 Nc6 $16) 38... Nc3 39. Rxf8 Nxa4 40. bxa4 Rxa4) 38. bxa4 b3 {[%emt 0:00:04] [#] Strongly threatening ...b2.} 39. Bc1 ({Weaker is} 39. Rxd7 b2 40. Rb7 b1=Q+ 41. Kh2 Qxd3 42. Rxb5 Bd6 $15) 39... Ba3 40. Nxd7 Bxc1 41. Nc5+ {[%emt 0:30:25] Weighted Error Value: White=0.07 (flawless) /Black=0.26 (precise)} ({Avoid the trap} 41. axb5 $2 b2 42. Nc5+ Ke7 43. Rd7+ Ke8 $19) 1-0

[Event "Germany Countries-chT Youth 2022"]
[Site "Wiesbaden"]
[Date "2022.10.04"]
[Round "7"]
[White "Färber, David"]
[Black "Boder, Jan"]
[Result "1/2-1/2"]
[ECO "C80"]
[WhiteElo "2354"]
[BlackElo "2341"]
[Annotator "TA"]
[PlyCount "49"]
[EventDate "2022.09.28"]
[EventType "team-tourn"]
[EventRounds "7"]
[EventCountry "GER"]
[SourceTitle "playchess.com"]
[Source "ChessBase"]
[SourceQuality "1"]
[TimeControl "40/5400+30:1800+30"]

1. e4 e5 2. Nf3 Nc6 3. Bb5 a6 4. Ba4 Nf6 5. O-O Nxe4 6. d4 b5 7. Bb3 d5 8. dxe5 Be6 9. Nbd2 Nc5 10. c3 d4 11. Bxe6 Nxe6 12. cxd4 Ncxd4 13. a4 Bb4 {[%emt 0:01:53] C80: Open Ruy Lopez: Sidelines and 9 Nbd2.} 14. axb5 Nxb5 (14... axb5 $2 15. Rxa8 Qxa8 16. Nxd4 Nxd4 17. Qg4 $18) 15. Qa4 Bxd2 {[%emt 0:00:21] White has an edge.} 16. Bxd2 O-O 17. Be3 c5 18. Rfd1 Qb6 19. h4 {[%emt 0:05:08] [#]} Nbc7 $146 {[%emt 0:03:39] The position is equal.} ({Predecessor:} 19... h5 20. Qe4 Nbd4 21. Bxd4 cxd4 22. Nxd4 Qb4 23. Qe3 Nxd4 24. Qxd4 Rab8 25. Rxa6 Qxd4 26. Rxd4 Rxb2 {½-½ (59) Hovhannisyan,R (2591)-Jones,G (2652) Chennai 2022}) 20. Rd2 Rfd8 21. Rad1 Rxd2 22. Rxd2 Qb4 23. Qc6 Qb5 24. Qe4 {[%emt 0:05:04] [#] Strongly threatening Ng5.} h6 {[%emt 0:02:37] Inhibits Ng5.} 25. Qc2 {[%emt 0:02:52] Weighted Error Value: White=0.07 (flawless) /Black=0.00 (flawless)} 1/2-1/2

[Event "Germany Countries-chT Youth 2022"]
[Site "Wiesbaden"]
[Date "2022.10.04"]
[Round "7"]
[White "Campora, Daniel H."]
[Black "Hubert, Charlotte"]
[Result "1-0"]
[ECO "A46"]
[WhiteElo "2344"]
[BlackElo "1671"]
[Annotator "TA"]
[PlyCount "103"]
[EventDate "2022.09.28"]
[EventType "team-tourn"]
[EventRounds "7"]
[EventCountry "GER"]
[SourceTitle "playchess.com"]
[Source "ChessBase"]
[SourceQuality "1"]
[TimeControl "40/5400+30:1800+30"]

1. d4 Nf6 2. Nf3 e6 3. Bg5 d6 4. Nbd2 h6 5. Bxf6 Qxf6 6. e4 Nd7 (6... g5 $5 ) 7. Bd3 {[%emt 0:00:56] A46: 1 d4 Nf6 2 Nf3 e6: Torre, London and Colle Systems.} e5 {[%emt 0:06:15] was the old line (7...g6).} 8. c3 g6 9. Nc4 {[%emt 0:05:39] The position is equal.} Bg7 {[%emt 0:04:05] [#]} 10. Qd2 $146 ({Predecessor:} 10. Qc2 O-O 11. O-O exd4 12. cxd4 c6 13. a4 Nb6 14. Ne3 a5 15. Rab1 Be6 16. h4 {½-½ (58) Zhdanenia,K (2293)-Mason,I (2236) ICCF email 2015}) 10... a6 11. Bc2 Qd8 12. Rd1 exd4 13. Nxd4 O-O 14. O-O Ne5 15. Ne3 Bd7 16. f4 Nc6 (16... Ng4 $11) 17. Nf3 $16 {[%emt 0:00:43] White is more active.} Re8 18. e5 Be6 19. exd6 (19. Qf2 $16) 19... Qxd6 $11 20. Qxd6 cxd6 21. Nd5 {[%emt 0:00:23] Threatens to win with Nc7.} Rac8 {[%emt 0:01:18] Prevents Nc7.} (21... Nd4 $5 22. Nxd4 Bxd5 $11) 22. a3 Na5 {[%emt 0:01:51] And now ...Nc4 would win.} 23. Nb6 (23. Ne3 $11 {keeps the balance.}) 23... Rcd8 ({Better is} 23... Rc6 $17 24. Ba4 Rxb6 25. Bxe8 Kf8) 24. Ba4 Re7 25. Rfe1 {[%emt 0:00:57] aiming for Nd5.} Rc7 26. Nd4 Bxd4+ (26... Bg4 $5 ) 27. Rxd4 Nc4 28. Nxc4 Rxc4 29. Ree4 Rxd4 30. Rxd4 {[%emt 0:00:04][%mdl 4096] Endgame KRB-KRB} Kf8 31. Kf2 Ke7 32. Ke3 Rc8 33. Bd1 Rc5 34. Bf3 b5 35. Be2 Bc4 $2 {[%emt 0:00:55] [#] A mistake that costs the game.} (35... h5 $11) 36. b4 $1 $18 Rc7 37. Bxc4 bxc4 {[%emt 0:00:01] KR-KR} 38. Re4+ Kd7 39. Kd4 {[%emt 0:00:07] Kd5 is the strong threat.} Kc6 (39... a5 {was called for.} 40. g3 (40. bxa5 Ra7 $16) 40... Ra7) 40. a4 d5 $2 (40... f5 41. Re6 g5) 41. Re5 Rd7 42. b5+ axb5 43. axb5+ Kb6 44. Rxd5 Ra7 (44... Rxd5+ 45. Kxd5 Kxb5 46. g4) 45. g3 Ra2 (45... Rc7 $142 46. f5 gxf5 47. Rxf5 Rc8) 46. Kxc4 {[%emt 0:00:00] [#] Black must now prevent Rd6+.} Rxh2 47. Rd6+ Kc7 48. Kc5 {[%emt 0:00:00] White threatens b6+ and mate.} Rc2 49. b6+ Kb7 50. c4 {[%emt 0:00:00] White mates.} h5 51. Rd7+ Kc8 52. Rxf7 {[%emt 0:00:00] Weighted Error Value: White=0.16 (very precise) /Black=0.58} (52. Rc7+ $142 Kb8 53. Rxf7 Re2 54. Rf6 Kc8 55. Rxg6 Kd7 56. Rg7+ Ke6 57. b7) 1-0

[Event "Germany Countries-chT Youth 2022"]
[Site "Wiesbaden"]
[Date "2022.10.04"]
[Round "7"]
[White "Schneider, Jana"]
[Black "Bock, Marlon"]
[Result "1-0"]
[ECO "B30"]
[WhiteElo "2323"]
[BlackElo "1866"]
[Annotator "TA"]
[PlyCount "99"]
[EventDate "2022.09.28"]
[EventType "team-tourn"]
[EventRounds "7"]
[EventCountry "GER"]
[SourceTitle "playchess.com"]
[Source "ChessBase"]
[SourceQuality "1"]
[TimeControl "40/5400+30:1800+30"]

1. e4 c5 2. Nf3 Nc6 3. Nc3 e5 4. Bc4 d6 5. d3 Be7 6. Nd2 Nf6 7. Nf1 O-O 8. Ne3 Be6 9. a3 {[%emt 0:02:23] B30: Sicilian: 2...Nc6 3 Bb5, lines without ...g6.} h6 10. O-O {[%emt 0:13:21] [#]} Rc8 $146 ({Predecessor:} 10... Qd7 11. Ncd5 Bxd5 12. Nxd5 Nxd5 13. Bxd5 Bf6 14. c3 Ne7 15. Ba2 Ng6 16. Qf3 Qe7 {1-0 (35) Gross,S (2390)-Jirovsky,P (2260) Bayern 1997}) 11. Bd2 {[%emt 0:04:38] White is slightly better.} Nd7 12. Ncd5 Bg5 13. b4 Ne7 14. c3 Bxd5 15. Nxd5 Bxd2 16. Qxd2 Nb6 17. Nxb6 axb6 18. f4 Nc6 (18... exf4 $11 19. Qxf4 d5) 19. f5 {[%emt 0:04:10][%cal Of5f6] [#] f6! is the strong threat.} Qf6 20. Rfb1 (20. bxc5 $14 bxc5 21. Rfb1) 20... Rc7 (20... cxb4 $1 $11 21. axb4 Rfd8) 21. bxc5 bxc5 22. Rb6 Ra8 23. Qa2 Qe7 24. Bd5 Ra7 25. Rab1 Na5 26. Qe2 {[%emt 0:02:48] White is much more active. The black rooks are badly placed.} Nc6 27. R1b3 Na5 28. R3b5 Nc6 29. Qb2 Nd8 (29... Qg5 $11 {keeps the balance.}) 30. Rb3 $36 {[%emt 0:02:02][%mdl 2048] White is on the roll.} Nc6 31. R3b5 (31. Qf2 $16) 31... Nd8 (31... Qg5 $11 {remains equal.}) 32. g3 $16 {[%emt 0:00:22] White now steadily converts the win.} Nc6 33. Kg2 Nd8 34. h4 Nc6 35. Qa2 Qd7 36. Rb1 Qe7 37. Kh3 Rc8 (37... Ra4 $16 38. Qb3 Ra7) 38. Qb2 Rc7 39. g4 Na5 $2 (39... Qf8 $16 40. g5 Kh8) 40. Qa2 $2 (40. Rg1 $18) 40... Qd8 $2 {[%emt 0:01:42][%mdl 8192] Inhibits g5.} (40... c4 $16) 41. Qe2 $2 (41. g5) 41... Kf8 $2 (41... Nc6) 42. g5 $18 hxg5 43. Qh5 gxh4 44. Qh8+ Ke7 45. Qxg7 {[%emt 0:00:00][%csl Gd5][%cal Rg7f7] [#]} Qf8 46. f6+ Ke8 47. Rg1 {[%emt 0:00:00] Threatening mate with Qh7.} Nc6 48. Bxc6+ Rxc6 49. Rxc6 bxc6 50. Qh7 {[%emt 0:00:00] Weighted Error Value: White=0.39/Black=0.64} 1-0

[Event "Germany Countries-chT Youth 2022"]
[Site "Wiesbaden"]
[Date "2022.10.04"]
[Round "7"]
[White "Pubantz, Jan"]
[Black "Sommer, Justus"]
[Result "1-0"]
[ECO "E06"]
[WhiteElo "2273"]
[BlackElo "2122"]
[Annotator "TA"]
[PlyCount "39"]
[EventDate "2022.09.28"]
[EventType "team-tourn"]
[EventRounds "7"]
[EventCountry "GER"]
[SourceTitle "playchess.com"]
[Source "ChessBase"]
[SourceQuality "1"]
[TimeControl "40/5400+30:1800+30"]

1. d4 d5 2. c4 e6 3. Nf3 Nf6 4. g3 Be7 5. Bg2 O-O 6. Nc3 Nbd7 7. Qd3 b6 {[%emt 0:02:36] 7...a6 is a critical line. E06: Closed Catalan: Early deviations.} 8. cxd5 exd5 9. O-O Bb7 {[%emt 0:01:23] The position is equal.} 10. Bf4 a6 {[%emt 0:02:11] [#]} 11. Rac1 $146 ({Predecessor:} 11. Rad1 Ne4 12. Ne5 Ndf6 13. Kh1 Bd6 14. f3 Nxc3 15. bxc3 Nh5 16. Bc1 f6 17. Ng4 {1-0 (38) Miskevicer,B (2133)-Rupp,E (2027) Munich 2003}) 11... Rc8 12. Rfd1 Ne4 13. Ne5 f5 {[%emt 0:04:53] [#]} (13... Nxc3 $14 14. Rxc3 (14. Qxc3 c5 $14) 14... c6) 14. Nxe4 $1 $16 fxe4 15. Qb3 {[%emt 0:02:01] Hoping for Bh3. White has more active pieces.} Kh8 $2 {[%emt 0:08:37] A mistake that costs the game.} (15... c5 $16 {is a better defense.}) 16. Bh3 $18 g5 $2 (16... Nxe5 {was necessary.} 17. Bxc8 (17. Bxe5 c5 $16) (17. dxe5 Rb8 $16) 17... Bxc8) 17. Nxd7 {[%emt 0:02:11] White is clearly winning.} Rxf4 (17... gxf4 $142 18. Nxf8 Bxf8 19. Bxc8 Bxc8 20. gxf4 Bg4) 18. gxf4 Qg8 19. Kh1 Bd6 20. Ne5 {[%emt 0:05:12] Weighted Error Value: White=0.03 (flawless) /Black=0.73} 1-0

[Event "Germany Countries-chT Youth 2022"]
[Site "Wiesbaden"]
[Date "2022.10.04"]
[Round "7"]
[White "Laux, Dominik"]
[Black "Gluma, Christian"]
[Result "1-0"]
[ECO "B06"]
[WhiteElo "2248"]
[BlackElo "2107"]
[Annotator "TA"]
[PlyCount "53"]
[EventDate "2022.09.28"]
[EventType "team-tourn"]
[EventRounds "7"]
[EventCountry "GER"]
[SourceTitle "playchess.com"]
[Source "ChessBase"]
[SourceQuality "1"]
[TimeControl "40/5400+30:1800+30"]

1. e4 g6 2. d4 Bg7 3. Nc3 d6 4. f4 Nd7 5. Nf3 b6 (5... e6 $14) 6. Bd3 {[%emt 0:03:29][%cal Bf1d3,Bd3f5,Bf5d3][%mdl 32] B06: Modern Defence.} Bb7 7. O-O e6 {[%emt 0:00:53] [#]} 8. e5 {[%emt 0:05:24] [#]} ({White should play} 8. f5 $1 $16 ) 8... Bxf3 $146 (8... Ne7 $14) ({Predecessor:} 8... Ne7 9. Qe2 O-O 10. Ne4 Nf5 11. c3 c5 12. Be3 dxe5 13. dxe5 Qe7 14. Bf2 h5 {½-½ (82) Jacobson,A (2262)-Goltsev,D (2312) Chess.com INT 2020}) 9. Qxf3 $16 {[%emt 0:00:15][%cal Of4f5] aiming for f5!} d5 $2 {[%emt 0:03:35][%mdl 8192] This move loses the game for Black.} (9... Ne7 $16) 10. f5 $18 gxf5 {[%emt 0:02:10] [#]} 11. Bxf5 $1 Qe7 (11... exf5 12. Qxf5) 12. Qg3 Bh6 13. Bd3 O-O-O 14. Bxh6 Nxh6 15. Qf4 Qf8 16. Rf3 Rg8 17. Rh3 ({Weaker is} 17. Bxh7 Rg4 18. Qd2 Qg7 $11) 17... Qg7 18. g3 {[%emt 0:06:33] Active counter play!} Qg4 {[%emt 0:01:24] Threatens to win with ...Qxf4.} 19. Qxh6 Qxd4+ 20. Kh1 Nxe5 21. Qf4 ({Inferior is} 21. Bxh7 Ng4 22. Rh4 Qf2 23. Rxg4 (23. Qf4 $2 Qxf4 24. Rxg4 Qf3+ 25. Kg1 Rxg4 $19) 23... Rxg4 $11) 21... Rg4 (21... Qxf4 {was necessary.} 22. gxf4 Ng4) 22. Qxd4 Rxd4 23. Rxh7 {[%emt 0:06:12] Ba6+ is the strong threat.} Rf8 24. Rd1 {[%emt 0:03:42] Hoping for Ba6+.} Kd8 25. h3 c5 26. Kg2 c4 27. Ne2 {[%emt 0:02:34] Weighted Error Value: White=0.23 (precise) /Black=0.50} 1-0

[Event "Germany Countries-chT Youth 2022"]
[Site "Wiesbaden"]
[Date "2022.10.04"]
[Round "7"]
[White "Holinka, Henning"]
[Black "Jeschke, Jan"]
[Result "1-0"]
[ECO "B90"]
[WhiteElo "2245"]
[BlackElo "2146"]
[Annotator "TA"]
[PlyCount "97"]
[EventDate "2022.09.28"]
[EventType "team-tourn"]
[EventRounds "7"]
[EventCountry "GER"]
[SourceTitle "playchess.com"]
[Source "ChessBase"]
[SourceQuality "1"]
[TimeControl "40/5400+30:1800+30"]

1. e4 c5 2. Nf3 d6 3. d4 cxd4 4. Nxd4 Nf6 5. Nc3 a6 6. f3 e5 7. Nb3 Be6 8. Be3 Be7 9. Qd2 h5 10. Be2 Nbd7 {[%emt 0:00:34] B90: Sicilian Najdorf: Unusual White 6th moves, 6 Be3 Ng4 and 6 Be3 e5.} 11. Nd5 Bxd5 12. exd5 Qc7 {[%emt 0:00:46] White has an edge. is recently more successful than 12...0-0.} 13. Rc1 a5 14. O-O h4 (14... a4 $11 {keeps the balance.} 15. Na1 h4) 15. c4 {[%emt 0:14:19] White is more active.} O-O {[%emt 0:03:53] [#]} 16. Rfd1 $146 ({Predecessor:} 16. Bg5 a4 17. Na1 h3 18. g3 e4 19. f4 Rfe8 20. Nc2 e3 21. Qb4 Bd8 22. f5 {0-1 (35) Setyaki,A (2404)-Prraneeth,V (2457) Budapest 2022}) 16... a4 17. Na1 e4 18. f4 Nc5 19. Nc2 Rfe8 20. Nd4 Qd7 21. b4 (21. Nb5 $14) 21... axb3 $1 $11 22. axb3 h3 23. b4 Nd3 24. Bxd3 exd3 25. Qxd3 Ng4 26. Qf5 Qxf5 27. Nxf5 {[%emt 0:00:03] [#] Black must now prevent Bd4.} Bf6 28. Bb6 $36 {[%emt 0:06:12][%mdl 2048] White has the initiative.} Ra2 $1 29. gxh3 Nxh2 30. Rd3 {[%emt 0:00:29] Prevents Nf3+.} ({Much weaker is} 30. Nxd6 Nf3+ 31. Kf1 Nh2+ 32. Kg1 Nf3+ 33. Kf1 Nh2+ 34. Kg1 $11) 30... Ree2 (30... Re4 $1 $14) 31. Kh1 {[%emt 0:01:16] aiming for Bg1.} Nf1 $2 {[%emt 0:13:30][%mdl 8192] A mistake that costs the game.} (31... Re4 $16) 32. Bg1 $18 (32. Rxf1 $2 {gets mated.} Rh2+ 33. Kg1 Rag2#) 32... Nd2 33. Ng3 Re8 34. c5 Rc8 35. c6 Kh7 $2 (35... b5 36. Nf5 Ne4) 36. b5 g6 {[#]} (36... Rb2 $142 37. cxb7 Rb8) 37. Rxd2 $1 Rxd2 38. Ne4 Bb2 39. Rb1 Rxd5 40. Rxb2 Kg7 41. cxb7 Rb8 42. Rd2 ({Not} 42. Nc3 Rd3 43. Kg2 Rxb7 $18) 42... Rxd2 (42... Rxb5 $142 43. Nxd6 R5xb7 44. Nxb7 Rxb7 45. Bd4+ Kh6) 43. Nxd2 {[%emt 0:00:00] White is clearly winning.} Rxb7 44. b6 Kf6 45. Nc4 d5 46. Bd4+ Ke6 47. Na5 Rb8 48. Nc6 Ra8 49. b7 {[%emt 0:00:00] Weighted Error Value: White=0.35/Black=0.40} 1-0

[Event "Germany Countries-chT Youth 2022"]
[Site "Wiesbaden"]
[Date "2022.10.04"]
[Round "7"]
[White "Bornholdt, Joa Max"]
[Black "Stelmaszyk, Nico"]
[Result "1/2-1/2"]
[ECO "D33"]
[WhiteElo "2196"]
[BlackElo "2355"]
[Annotator "TA"]
[PlyCount "44"]
[EventDate "2022.09.28"]
[EventType "team-tourn"]
[EventRounds "7"]
[EventCountry "GER"]
[SourceTitle "playchess.com"]
[Source "ChessBase"]
[SourceQuality "1"]
[TimeControl "40/5400+30:1800+30"]

1. d4 d5 2. c4 e6 3. Nc3 c5 4. cxd5 exd5 5. Nf3 Nf6 6. g3 Nc6 7. Bg2 cxd4 {[%emt 0:00:05] is now debated instead of 7...Be7.} 8. Nxd4 Bc5 9. Nb3 Bb6 {[%emt 0:00:07] D33: Tarrasch Defence: 6 g3 sidelines.} 10. O-O (10. Bxd5 Nb4 11. Bf3 Qxd1+ 12. Kxd1 Ng4 13. Bxg4 Bxg4 $11) 10... d4 11. Na4 O-O {[%emt 0:01:59] White has an edge.} 12. Bg5 Be6 (12... Re8 $11 {keeps the balance.}) 13. Nbc5 $16 ({Much worse is} 13. Nxb6 axb6 14. Qd3 h6 15. Bxf6 Qxf6 $14) 13... Bxc5 14. Nxc5 Qb6 15. Rc1 {[%emt 0:02:59][%cal Ba1c1,Bc1b1,Bb1b7][%mdl 32] [#]} Qxb2 $146 (15... Nd5 $16) ({Predecessor:} 15... Nd5 16. Nxe6 fxe6 17. Qb3 Qxb3 18. axb3 h6 19. Bd2 Rfd8 20. Rc5 Rd6 21. b4 Ncxb4 22. Bxb4 Nxb4 23. Bxb7 {½-½ (68) Bok,B (2635)-Beerdsen,T (2488) Eindhoven 2019}) 16. Bxf6 $18 gxf6 17. Nxe6 ({But not} 17. Rb1 Qxa2 18. Rxb7 Ne5 $16) 17... fxe6 18. Rb1 Qxa2 19. Rxb7 Ne5 {[%emt 0:09:58] Against Qd3} 20. Qxd4 (20. Be4 $18 {has better winning chances.} Rab8 21. Bxh7+ Kh8 22. Bb1) 20... Qxe2 $16 21. Qh4 {[%emt 0:03:46][%csl Gb7][%cal Rh4h7] [#] White is much more active.} h5 22. Qb4 {[%emt 0:05:21][%mdl 1024] Strongly threatening f4. White has compensation.} Rae8 {[%emt 0:04:12] Weighted Error Value: White=0.10 (very precise) /Black=0.18 (very precise)} (22... Nf3+ $2 23. Bxf3 Qxf3 24. Qe7 Qxb7 25. Qxb7 $18) 1/2-1/2